cohdb
Replays
Latest Replays
All Replays
Popular Replays
Top Player Replays
Match Explorer
How It Works
Community
CoH3 Stats
Reddit
Sign in to upload your games and track your stats! →
Sign in with Steam
Match 19647997
Unlisted
Match 19647997
Overview
Messages
Build Orders
End
Engineer Squad
Construct Barracks
1⁄4-ton 4x4 Truck
Selects Armored Battlegroup
Riflemen Squad
Selects Veteran Crews
Infantry Support Center
Riflemen Squad
Construct Medical Station
Selects Fast Deploy
Riflemen Squad
M1 Mortar Team
Construct Motor Pool
Riflemen Squad
M8 Greyhound Armored Car
M24 Chaffee Light Tank
M24 Chaffee Light Tank
4660466
MonoChrome
0
0
Comments
sign in to comment!
No comments posted yet!